AoeStats
← KRäzi

Highland

505072030Analyzed
2v2 RM · 25d ago on Sep 7, 2026· 39m 33s· 4 players
Game mode
Random Map
Map size
Medium (4 player)
Population
200
Speed
Normal
Resources
Standard
Victory
Conquest
Starting age
Dark Age
Ending age
Imperial Age
RankedLock teamsTeams togetherTeam positionsShared explorationLock speedFull tech treeHidden civsTurbo modeCheats
Victory
Defeat
🇺🇸 Teutons · United States
1164
+14
🇺🇸 Italians · United States
1130
+15
🇪🇸 Turks · Spain
1121
-15
🇺🇸 Berbers · United States
1105
-14
KRäzi
10:50 Feudal Age
14:49 Loom
16:55 Double-Bit Axe
20:06 Castle Age
18:49 Scale Barding Armor
20:11 Forging
20:08 Scale Mail Armor
20:42 Horse Collar
21:15 Bow Saw
22:54 Heavy Plow
25:07 Fletching
28:45 Padded Archer Armor
28:40 Bodkin Arrow
31:22 Bloodlines
32:09 Husbandry
35:51 Chain Barding Armor
36:08 Leather Archer Armor
36:10 Thumb Ring
Aprendiz
11:08 Feudal Age
13:47 Loom
16:56 Castle Age
17:42 Fletching
35:21 Double-Bit Axe
PloppyFenis
8:04 Loom
10:12 Feudal Age
10:52 Double-Bit Axe
13:25 Wheelbarrow
15:06 Fletching
20:07 Castle Age
19:27 Padded Archer Armor
19:13 Horse Collar
19:25 Gold Mining
20:25 Fishing Lines
20:13 Crossbowman
22:03 Town Watch
24:07 Bodkin Arrow
27:07 Ballistics
30:05 Medium Warships
30:13 Heavy Plow
30:28 Bow Saw
33:20 Leather Archer Armor
37:00 Imperial Age
35:18 Hand Cart
34:57 Stone Mining
35:15 Scale Barding Armor
35:21 Forging
36:52 Thumb Ring
36:19 Light Cavalry
38:49 Chemistry
38:36 Bracer
38:07 Arbalester
41:03 Two-Man Saw
Pdogbitch94
9:36 Feudal Age
8:33 Loom
12:59 Double-Bit Axe
16:26 Town Watch
21:04 Castle Age
18:57 Town Watch
19:47 Wheelbarrow
19:15 Gold Mining
19:18 Horse Collar
19:55 Scale Barding Armor
20:26 Forging
20:46 Bloodlines
20:37 Stone Mining
25:26 Chain Barding Armor
28:21 Iron Casting
32:17 Elite Skirmisher
32:51 Fletching
33:01 Padded Archer Armor
37:56 Imperial Age
38:05 Imperial Age
35:52 Hand Cart
38:45 Leather Archer Armor
38:26 Bodkin Arrow
38:06 Cavalier
Connection lost

Rejoining the realm…

Still unreachable

The connection could not be restored.

Session expired

The server has moved on; the page needs a fresh start.